 Dungeon Crawl Stone Soup version 0.26-a0-658-gbdda728c12 (webtiles) character file.

Game seed: 11465712442318300609

39 Grim the Slasher (level 3, -3/31 HPs)
             Began as a Minotaur Berserker on Oct 5, 2020.
             Was a Believer of Trog.
             Slain by Sigmund
             ... wielding a +0 scythe
              (4 damage)
             ... on level 2 of the Dungeon.
             The game lasted 00:01:31 (1440 turns).

Grim the Slasher (Minotaur Berserker)               Turns: 1440, Time: 00:01:32

Health: -3/31      AC:  2    Str: 21    XL:     3   Next: 28%
Magic:  2/2        EV: 12    Int:  5    God:    Trog [**....]
Gold:   34         SH:  0    Dex:  9    Spells: 2/2 levels left

rFire    . . .     SeeInvis .   a - +0 falchion
rCold    . . .     Faith    .   (no shield)
rNeg     . . .     Spirit   .   b - +0 animal skin
rPois    .         Reflect  .   (helmet restricted)
rElec    .         Harm     .   (no cloak)
rCorr    .         Rampage  .   (no gloves)
MR       .....                  (no boots)
Stlth    +.........             (no amulet)
HPRegen  0.10/turn              (no ring)
MPRegen  0.08/turn              (no ring)

@: berserk cooldown, slowed, very slow
A: retaliatory headbutt, horns 2
a: Berserk, Trog's Hand, Renounce Religion


You were on level 2 of the Dungeon.
You worshipped Trog.
Trog was pleased with you.
You visited 1 branch of the dungeon, and saw 2 of its levels.

You collected 34 gold pieces.

Inventory:

Hand Weapons
 a - a +0 falchion (weapon)
Armour
 b - a +0 animal skin (worn)
Jewellery
 g - a +6 ring of strength {unknown}
 i - an uncursed amulet of magic regeneration {unknown}
Scrolls
 c - a scroll of immolation {unknown}
 d - a scroll of blinking {unknown}
 e - 2 scrolls of identify {unknown}
 f - a scroll of teleportation {unknown}
 k - a scroll of fog {unknown}
Potions
 h - a potion of curing {unknown}
 j - 2 potions of might {unknown}


   Skills:
 - Level 3.6 Fighting
 + Level 5.3 Long Blades
 - Level 2.4 Armour
 - Level 2.1 Dodging


You had 2 spell levels left.
You didn't know any spells.
Your spell library was empty.

Dungeon Overview and Level Annotations

Branches:
Dungeon (2/15)

Altars:

Annotations:
D:2 Sigmund


Innate Abilities, Weirdness & Mutations

You reflexively headbutt those who attack you in melee.
You have a pair of horns on your head.


Message History

You can now call upon Trog for regeneration and magic resistance.
Something hits you but does no damage.
The ball python bites you but does no damage.
* * * LOW HITPOINT WARNING * * *
The ball python constricts you.
The ball python bites you but does no damage.
* * * LOW HITPOINT WARNING * * *
The ball python constricts you. Something hits you.
* * * LOW HITPOINT WARNING * * *
The ball python barely misses you. You furiously retaliate!
You headbutt the ball python, but do no damage.
The ball python constricts you. The ball python barely misses you.
You furiously retaliate!
You headbutt the ball python.
You kill the ball python!
Trog accepts your kill. Something hits you!
* * * LOW HITPOINT WARNING * * *
Something hits you.
You die...

....... #.
##.....##...
#.......#.# #.
#.........# .
#........# #.
#.....#.# #.##
##(....#.#
##...##.())....#
##......@.......#
##.....†).<......#
.......$.#......##
##.......##.).#.#
........###.###.#
##....... #.. #.#
<........ ###.#.#
....$..... .#.#
#......... ..#


There were no monsters in sight!

Vanquished Creatures
  An adder (D:2)
  A dart slug (D:1)
  A leopard gecko (D:1)
  5 bats (D:1)
  3 giant cockroaches (D:1)
  2 goblins (D:2)
  3 hobgoblins (D:1)
  3 kobolds
  2 ball pythons
  2 frilled lizards
  5 rats
28 creatures vanquished.

Notes
Turn   | Place    | Note
-------+----------+-------------------------------------------
     0 | D:1      | Grim the Minotaur Berserker began the quest for the Orb.
     0 | D:1      | Reached XP level 1. HP: 19/19 MP: 0/0
    39 | D:1      | Reached skill level 4 in Long Blades
   196 | D:1      | Reached XP level 2. HP: 26/26 MP: 1/1
  1346 | D:2      | Reached skill level 5 in Long Blades
  1425 | D:2      | Noticed Sigmund
  1428 | D:2      | Reached XP level 3. HP: 31/31 MP: 2/2
  1437 | D:2      | Reached ** piety under Trog
  1439 | D:2      | HP: 1/31 [something (11)]
  1440 | D:2      | Slain by Sigmund

Illustrated notes

Levels and vault maps discovered:
D:1:      matt_arrival_grand_opening, layout_basic
D:2:      layout_rooms, uniq_sigmund

Skill      XL: |  1  2 |
---------------+-------+-----
Long Blades    | 4 5 |  5.3
Fighting       | |  3.6
Armour         | |  2.4
Dodging        | |  2.1

Action                   || total
-------------------------++-------
Melee: Falchion          ||    55
       Headbutt          ||    10
Invok: Berserk           ||     1
Armor: Animal skin       ||    15
Dodge: Dodged            ||    47
       Rpst.: Falchion   ||     7

Table legend: (Time is in decaauts)
 A = Elapsed time spent in this place.
 B = Non-inter-level travel time spent in this place.
 C = Inter-level travel time spent in this place.
 D = Time resting spent in this place.
 E = Time spent auto-exploring this place.
 F = Levels seen in this place.
 G = Mean time per level.
                   A        B        C        D        E       F      G
               +--------+--------+--------+--------+--------+-----+--------+
         Total |   1444 |   1399 |     45 |    559 |    675 |   2 |  722.0 |
       Dungeon |   1444 |   1399 |     45 |    559 |    675 |   2 |  722.0 |
               +--------+--------+--------+--------+--------+-----+--------+

Top non-repeatable levels by time:
     D:1: 1347 daAuts
     D:2: 97 daAuts
